 Dungeon Crawl Stone Soup version 0.22-a0-322-g60b3cfd (webtiles) character file.

8264 Kairos the Cleaver (level 11, -1/83 HPs)
             Began as a Barachi Fighter on Apr 4, 2018.
             Was a High Priest of Okawaru.
             Slain by a two-headed ogre
             ... wielding a +0 giant club
              (17 damage)
             ... on level 9 of the Dungeon.
             The game lasted 00:45:26 (10445 turns).

Kairos the Cleaver (Barachi Fighter)               Turns: 10445, Time: 00:45:26

Health: -1/83      AC: 18    Str: 17    XL:     11   Next: 28%
Magic:  13/13      EV: 12    Int: 10    God:    Okawaru [*****.]
Gold:   269        SH: 13    Dex: 19    Spells: 10/10 levels left

rFire    + . .     SeeInvis .   y - +0 hand axe (vamp)
rCold    + . .     Gourm    .   c - +2 shield
rNeg     . . .     Faith    +   C - +7 ring mail of the Heron {Dex+3}
rPois    .         Spirit   .   i - +2 helmet
rElec    .         Reflect  .   R - scarf {rC+ rF+}
rCorr    .         Harm     .   (no gloves)
MR       .....                  s - +0 pair of boots
Stlth    ++........             m - amulet of faith
HPRegen  0.23/turn              l - +2 ring of dexterity
MPRegen  0.13/turn              g - +5 ring of slaying

@: slow
A: +LOS, swims, slowness 1, strong legs 1
a: Hop, Heroism, Finesse, Renounce Religion


You were on level 9 of the Dungeon.
You worshipped Okawaru.
Okawaru was extremely pleased with you.
You were not hungry.

You visited 3 branches of the dungeon, and saw 11 of its levels.

You collected 401 gold pieces.
You spent 132 gold pieces at shops.

Inventory:

Hand Weapons
 a - a +0 flail
 y - a +0 vampiric hand axe (weapon)
 G - the +1 short sword of Koirenko {pierce, rC+ Dex+4}
   (Okawaru gifted it to you on level 9 of the Dungeon)

   It inflicts extra damage upon your enemies.
   It affects your dexterity (+4).
   It protects you from cold.
Armour
 c - a +2 shield (worn)
 i - a +2 helmet (worn)
 s - a +0 pair of boots (worn)
 w - the +0 plate armour of Cocytus {rN+ Dex+4}
   (You found it on level 4 of the Dungeon)

   It affects your dexterity (+4).
   It protects you from negative energy.
 C - the +7 ring mail of the Heron (worn) {Dex+3}
   (You found it on level 4 of the Dungeon)

   It affects your dexterity (+3).
 I - a +2 ring mail of cold resistance
 K - the +3 leather armour "Ogicor" {rElec}
   (You found it on level 1 of the Lair of Beasts)

   It insulates you from electricity.
 R - a scarf of resistance (worn)
Magical Staves
 x - an uncursed staff of conjuration
 D - an uncursed staff of poison {unknown}
Jewellery
 e - an uncursed ring of positive energy
 g - a +5 ring of slaying (right hand)
 l - a +2 ring of dexterity (left hand)
 m - an amulet of faith (around neck)
 F - an uncursed amulet of the gourmand
 Q - an uncursed ring of positive energy
Wands
 j - a wand of clouds (6)
 n - a wand of flame (56)
 o - a wand of paralysis (13)
 J - a wand of acid (4)
 L - a wand of disintegration (14)
Scrolls
 b - 4 scrolls of amnesia
 q - 2 scrolls of fear
 t - 6 scrolls of teleportation
 B - a scroll of vulnerability {unknown}
 H - a scroll of enchant weapon {unknown}
Potions
 d - 5 potions of might
 h - 2 potions of curing
 k - 3 potions of haste
 p - 2 potions of ambrosia
 r - 5 potions of heal wounds
 u - a potion of brilliance {unknown}
 v - 2 potions of flight {unknown}
 z - 2 potions of berserk rage
 A - a potion of invisibility {unknown}
 E - a potion of lignification {unknown}
 M - a potion of degeneration {unknown}
 N - a potion of agility
 O - a potion of mutation {unknown}
 P - a potion of cancellation {unknown}
Comestibles
 f - 13 rations


   Skills:
 + Level 6.9 Fighting
 * Level 10.2(11.2) Axes
 - Level 7.7(10.1) Maces & Flails
 * Level 9.2 Armour
 + Level 4.2 Dodging
 + Level 4.5 Stealth
 + Level 7.1 Shields
 * Level 2.9 Invocations
 + Level 1.6 Evocations


You had 10 spell levels left.
You didn't know any spells.

Dungeon Overview and Level Annotations

Branches:
Dungeon (9/15)             Temple (1/1) D:4            Lair (1/6) D:8
    Orc: D:9-12

Altars:
Ashenzari
Cheibriados
Dithmenos
Elyvilon
Fedhas
Gozag
Hepliaklqana
Kikubaaqudgha
Makhleb
Nemelex Xobeh
Okawaru
Qazlal
Ru
Sif Muna
Trog
Uskayaw
Vehumet
Wu Jian
Xom
Yredelemnul
Zin
The Shining One

Shops:
D:5 (   D:7 (:*

Annotations:
D:9 Erolcha
Lair:1 Nattefrost's ghost, journeyman GnTm


Innate Abilities, Weirdness & Mutations

Shadows flee at your approach. (+LOS)
You can swim through water.
You cover ground slowly.
You can hop short distances.


Message History

You miss the quokka. You hit the crimson imp.
The crimson imp hits you but does no damage.
The quokka twitches its whiskers.
The quokka closely misses you.
Unknown command.
You hit the two-headed ogre but do no damage.
The two-headed ogre is moderately wounded.
You hit the quokka.
You kill the quokka!
Okawaru accepts your kill.
You hit the crimson imp.
The two-headed ogre hits you with a giant club!!
The two-headed ogre hits you with a giant club!
* * * LOW HITPOINT WARNING * * *
You block the crimson imp's attack.
You slash the two-headed ogre!
You feel better.
The two-headed ogre is heavily wounded.
You hit the crimson imp. You block the two-headed ogre's attack.
The two-headed ogre hits you with a giant club!
You die...

##########
#........#
#........#
+........#
#.?......#
#........#
#........#
#.O5.....#
#.@......#
##'#######
#..#
##.####
#....###
#########
####...#
#......<#
####.####
#.......#
#.......#
#.......###
#.......#


You could see a two-headed ogre and a crimson imp.

Vanquished Creatures
  Gastronok (D:9)
  A hydra (Lair:1)
  3 two-headed ogres
  2 spiny frogs
  2 komodo dragons (Lair:1)
  Grinder (D:6)
  Duvessa (D:5)
  A porcupine (Lair:1)
  An ice beast (D:5)
  An orc warrior (D:8)
  The ghost of tof the Shield-Bearer, an amateur MiFi of Okawaru (D:3)
  2 sky beasts
  2 black bears
  A necrophage (D:9)
  2 ogres (D:7)
  2 centaurs
  2 crocodiles
  4 bullfrogs
  Dowan (D:5)
  A howler monkey (D:4)
  A bullfrog zombie (D:6)
  A crimson imp (D:6)
  A quasit (D:6)
  Crazy Yiuf (D:2)
  5 hounds
  4 orc wizards
  6 orc priests
  A bullfrog skeleton (D:8)
  A centaur skeleton (D:5)
  Ijyb (D:5)
  Terence (D:3)
  8 worker ants
  Natasha (thrice) (D:3)
  2 hound zombies (D:6)
  Robin (D:2)
  7 adders
  5 shadow imps
  An ooze (D:3)
  An adder skeleton (D:2)
  2 worms (D:4)
  5 leopard geckos
  19 orcs
  A ball python (D:1)
  6 giant cockroaches
  6 hobgoblins
  7 jackals
  6 quokkas
  9 bats
  3 frilled lizards
  15 goblins
  5 kobolds
  A quokka skeleton (D:6)
  12 rats
  4 fungi (D:8)
184 creatures vanquished.

Notes
Turn   | Place    | Note
-------+----------+-------------------------------------------
     0 | D:1      | Kairos the Barachi Fighter began the quest for the Orb.
     0 | D:1      | Reached XP level 1. HP: 18/18 MP: 1/1
   310 | D:1      | Reached XP level 2. HP: 25/25 MP: 2/2
   722 | D:1      | Reached XP level 3. HP: 26/30 MP: 3/3
   970 | D:2      | Found a runed door.
  1173 | D:2      | Reached XP level 4. HP: 37/37 MP: 4/4
  1480 | D:2      | Noticed Robin
  1495 | D:2      | Killed Robin
  1495 | D:2      | Reached XP level 5. HP: 42/42 MP: 5/5
  1752 | D:2      | Noticed Crazy Yiuf
  1757 | D:2      | Killed Crazy Yiuf
  1908 | D:3      | Found a faded altar of an unknown god.
  1937 | D:3      | Noticed Terence
  1944 | D:3      | Killed Terence
  1995 | D:3      | Noticed tof's ghost (amateur MiFi)
  2027 | D:3      | Killed tof's ghost
  2027 | D:3      | Reached skill level 5 in Maces & Flails
  2027 | D:3      | Reached skill level 1 in Dodging
  2027 | D:3      | Reached XP level 6. HP: 24/48 MP: 6/6
  2152 | D:3      | Noticed Natasha
  2156 | D:3      | Killed Natasha
  2210 | D:3      | Noticed Natasha
  2217 | D:3      | Killed Natasha
  2238 | D:3      | Noticed Natasha
  2240 | D:3      | Killed Natasha
  2648 | D:3      | Found a burning altar of Makhleb.
  2857 | D:4      | Reached XP level 7. HP: 42/54 MP: 7/7
  2929 | D:4      | Got a pitted plate armour
  2940 | D:4      | Identified the +0 plate armour of Cocytus {rN+ Dex+4} (You found it on level 4 of the Dungeon)
  3016 | D:4      | Reached skill level 5 in Armour
  3124 | D:4      | Found a staircase to the Ecumenical Temple.
  3130 | Temple   | Entered the Ecumenical Temple
  3485 | Temple   | Became a worshipper of Warmaster Okawaru
  4071 | D:4      | Got a transparent ring mail
  4082 | D:4      | Identified the +7 ring mail of the Heron {Dex+3} (You found it on level 4 of the Dungeon)
  4113 | D:5      | Entered Level 5 of the Dungeon
  4138 | D:5      | Noticed Duvessa
  4138 | D:5      | Noticed Dowan
  4433 | D:5      | Killed Dowan
  4487 | D:5      | Killed Duvessa
  4487 | D:5      | Reached * piety under Okawaru
  4674 | D:5      | Reached XP level 8. HP: 55/61 MP: 8/8
  4702 | D:5      | Found Gopsil's Weapon Emporium.
  4740 | D:5      | Noticed Ijyb
  4749 | D:5      | Killed Ijyb
  5066 | D:5      | Bought a +0 vampiric hand axe for 132 gold pieces
  5134 | D:6      | Reached skill level 5 in Shields
  5174 | D:6      | Reached skill level 5 in Fighting
  5221 | D:6      | Reached skill level 1 in Axes
  5250 | D:6      | Reached ** piety under Okawaru
  5250 | D:6      | Reached skill level 2 in Axes
  5323 | D:6      | Noticed Grinder
  5341 | D:6      | Paralysed by Grinder for 4 turns
  5350 | D:6      | Killed Grinder
  5350 | D:6      | Reached skill level 3 in Axes
  5400 | D:6      | Reached skill level 4 in Axes
  5734 | D:6      | Reached skill level 1 in Stealth
  5734 | D:6      | Reached XP level 9. HP: 68/68 MP: 9/9
  6224 | D:7      | Found a basalt altar of Yredelemnul.
  6271 | D:7      | Found Gonus's General Store.
  6311 | D:7      | Found Eson's Book Shoppe.
  6352 | D:7      | Reached skill level 5 in Axes
  6353 | D:7      | Reached *** piety under Okawaru
  6397 | D:7      | Found Nenoeg's Weapon Shop.
  6397 | D:7      | Identified the Disquisition on Displaced Creation
  6742 | D:8      | Noticed a two-headed ogre
  6889 | D:8      | Reached skill level 6 in Axes
  6971 | D:8      | Found a blossoming altar of Fedhas.
  7203 | D:8      | Noticed a two-headed ogre
  7271 | D:8      | Killed a two-headed ogre
  7271 | D:8      | Reached **** piety under Okawaru
  7271 | D:8      | Reached skill level 7 in Axes
  7271 | D:8      | Reached skill level 1 in Evocations
  7415 | D:8      | Noticed a two-headed ogre
  7429 | D:8      | Killed a two-headed ogre
  7429 | D:8      | Reached ***** piety under Okawaru
  7429 | D:8      | Reached XP level 10. HP: 76/76 MP: 10/10
  7990 | D:8      | Found a staircase to the Lair.
  8038 | D:8      | Reached skill level 8 in Axes
  8365 | Lair:1   | Entered Level 1 of the Lair of Beasts
  8380 | Lair:1   | Got a translucent leather armour
  8391 | Lair:1   | Identified the +3 leather armour "Ogicor" {rElec} (You found it on level 1 of the Lair of Beasts)
  8427 | Lair:1   | Noticed a four-headed hydra
  8754 | Lair:1   | Killed a four-headed hydra
  8754 | Lair:1   | Reached skill level 1 in Invocations
  8996 | Lair:1   | Noticed a spiny frog
  9003 | Lair:1   | Killed a spiny frog
  9049 | Lair:1   | Noticed a black mamba
  9068 | Lair:1   | Noticed Nattefrost's ghost (journeyman GnTm)
  9068 | Lair:1   | Noticed a four-headed hydra
  9103 | Lair:1   | Noticed a spiny frog
  9126 | D:8      | Killed a spiny frog
  9425 | D:9      | Noticed Gastronok
  9666 | D:9      | Killed Gastronok
  9666 | D:9      | Received a gift from Okawaru
  9666 | D:9      | Reached skill level 10 in Axes
  9666 | D:9      | Reached XP level 11. HP: 62/83 MP: 11/13
  9680 | D:9      | Got a faintly glowing short sword {god gift}
  9791 | D:9      | Identified the +1 short sword of Koirenko {pierce, rC+ Dex+4} (Okawaru gifted it to you on level 9 of the Dungeon)
  9865 | D:9      | Noticed a two-headed ogre
 10242 | D:9      | Noticed a two-headed ogre
 10255 | D:9      | Killed a two-headed ogre
 10382 | D:9      | Noticed Erolcha
 10445 | D:9      | Slain by a two-headed ogre

Vault maps used:
D:1:      co_arrival_square_in_a_square_in_a_square, due_unseen_surprise
D:2:      uniq_crazy_yiuf_cottage, uniq_robin
D:3:      first_ration, chequers_ecumenical_altar_island,
          makhleb_blood_cavern_becter, uniq_natasha, uniq_terence
D:4:      wad_crossroads, minmay_temple_entry_fiery, kennysheep_boxes
D:5:      serial_shops, nicolae_shop_statue_plus, uniq_duvessa, uniq_ijyb
D:6:      enter_ossuary_1, kennysheep_nondescript, uniq_grinder
D:7:      yredelemnul_altar_generic, serial_shops, shop, shop_fountains, shop,
          grunt_ogre_cave
D:8:      dpeg_oklobed_lair, basic_altar
D:9:      uniq_gastronok, uniq_erolcha
Temple:   roderic_octagonal_lattice_temple
Lair:1:   st_stairs_3, lemuel_old_faithful, serial_bayou_shore_b

Skill      XL: |  1  2  3  4  5  6  7  8  9 10 |
---------------+-------------------------------+-----
Armour         | 4 6 7 8 9 |  9.2
Maces & Flails | 3 5 6 7 |  7.7
Shields        | 4 5 6 7 |  7.1
Fighting       | 4 5 6 |  6.9
Dodging        | 1 2 3 4 |  4.2
Axes           | 4 7 10 | 10.2
Stealth        | 1 3 4 |  4.5
Evocations     | 1 |  1.6
Invocations    | 2 |  2.9

Action                   |  1- 3 |  4- 6 |  7- 9 | 10-12 || total
-------------------------+-------+-------+-------+-------++-------
Melee: Flail             |   116 |   125 |    81 |     6 ||   328
       Hand axe          |       |       |   223 |   157 ||   380
Invok: Heroism           |       |       |     1 |     4 ||     5
       Finesse           |       |       |       |     2 ||     2
 Abil: Hop               |       |       |     1 |     2 ||     3
Evoke: Wand              |       |     2 |     9 |     3 ||    14
  Use: Scroll            |     3 |     5 |     9 |     1 ||    18
       Potion            |       |       |       |     1 ||     1
 Stab: Paralysed         |       |       |    13 |       ||    13
       Sleeping          |       |       |     1 |     5 ||     6
       Distracted        |       |       |     1 |       ||     1
  Eat: Chunk             |     1 |     6 |     8 |     3 ||    18
       Ration            |       |       |     4 |     5 ||     9
Armor: Scale mail        |    80 |    43 |     3 |       ||   126
       Plate armour      |       |       |    16 |       ||    16
       Ring mail         |       |       |   105 |    35 ||   140
Dodge: Dodged            |    52 |    26 |    88 |    55 ||   221
Block: Shield            |    72 |    73 |   172 |    91 ||   408

Table legend:
 A = Spawn XP
 B = Non-spawn XP
 C = Spawn XP percentage of total XP
 D = Spawn monster count
 E = Non-spawn monster count
 F = Spawn count percentage of total count
 G = Total turns spent on level
                    A         B        C        D         E        F      G
               +---------+---------+-------+---------+---------+-------+---------
         Total |       0 |   11806 |   0.0 |       0 |     180 |   0.0 | 10445
               +---------+---------+-------+---------+---------+-------+---------
           D:1 |       0 |      37 |   0.0 |       0 |      23 |   0.0 |   891
           D:2 |       0 |     191 |   0.0 |       0 |      32 |   0.0 |   963
           D:3 |       0 |     341 |   0.0 |       0 |      21 |   0.0 |   996
           D:4 |       0 |     324 |   0.0 |       0 |      16 |   0.0 |   919
           D:5 |       0 |     646 |   0.0 |       0 |      10 |   0.0 |   946
           D:6 |       0 |     930 |   0.0 |       0 |      21 |   0.0 |  1101
           D:7 |       0 |     599 |   0.0 |       0 |      14 |   0.0 |  1269
           D:8 |       0 |    2929 |   0.0 |       0 |      23 |   0.0 |  2007
           D:9 |       0 |    3760 |   0.0 |       0 |      14 |   0.0 |   499
        Lair:1 |       0 |    2049 |   0.0 |       0 |       6 |   0.0 |   462
               +---------+---------+-------+---------+---------+-------+---------
